 Dungeon Crawl Stone Soup version 0.19-a0-856-g54f7fbd (webtiles) character file.

88 Folque01 the Sneak (level 4, 0/31 HPs)
             Began as an Octopode Assassin on July 2, 2016.
             Slain by a worm (1 damage)
             ... on level 2 of the Dungeon.
             The game lasted 00:10:39 (1447 turns).

Folque01 the Sneak (Octopode Assassin)              Turns: 1447, Time: 00:10:39

Health: 0/31       AC:  1    Str: 10    XL:     4   Next: 53%
Magic:  4/4        EV: 12    Int: 13    God:
Gold:   53         SH:  0    Dex: 14    Spells: 0 memorised, 3 levels left

rFire  . . .     SeeInvis .     a - +2 dagger
rCold  . . .     Gourm    .     (no shield)
rNeg   . . .     Faith    .     (helmet restricted)
rPois  .         Spirit   .     (no amulet)
rElec  .         Dismiss  .     (no ring)
rCorr  .         Reflect  .     (no ring)
SustAt .         Harm     .     (no ring)
MR     .....                    (no ring)
Stlth  +++++.....               (no ring)
                                (no ring)
                                (no ring)
                                (no ring)

@: lethally poisoned (0 -> -7), not resistant to hostile enchantments, quite
stealthy
A: almost no armour, amphibious, 8 rings, constrict 8, camouflage 1, gelatinous
body 1
a: no special abilities


You were on level 2 of the Dungeon.
You were not hungry.

You visited 1 branch of the dungeon, and saw 2 of its levels.

You collected 53 gold pieces.

Inventory:

Hand Weapons
 a - a +2 dagger (weapon)
 b - a +0 blowgun
Missiles
 c - 8 poisoned needles
 d - 2 curare-tipped needles
 i - 12 needles of confusion
 l - a throwing net (quivered)
Scrolls
 e - 2 scrolls of remove curse
 k - a scroll of identify {unknown}
Comestibles
 f - 2 bread rations
 g - 8 chunks of flesh
 h - a royal jelly
 j - a meat ration
 m - a beef jerky


   Skills:
 + Level 3.3 Fighting
 - Level 2.0 Short Blades
 - Level 2.0 Throwing
 - Level 1.0 Dodging
 - Level 7.0 Stealth


You had 3 spell levels left.
You didn't know any spells.

Dungeon Overview and Level Annotations

Branches:
Dungeon (2/15)

Altars:
Gozag


Innate Abilities, Weirdness & Mutations

You cannot wear most types of armour.
You are amphibious.
You can wear up to eight rings at the same time.
You can use your tentacles to constrict eight enemies at once.
Your skin changes colour to match your surroundings (Stealth+).
Your rubbery body absorbs attacks. (AC +1)


Message History

You hit the adder.
The adder is heavily wounded.
You constrict the adder.
* * * LOW HITPOINT WARNING * * *
You feel sick. The adder bites you.
* * * LOW HITPOINT WARNING * * *
You hit the adder.
The adder is almost dead.
You constrict the adder.
You kill the adder!
The worm completely misses you.
You hit the worm but do no damage. Your grab misses the worm.
Your squeeze misses the worm.
* * * LOW HITPOINT WARNING * * *
You feel sick.
As you read the scroll labeled ENKOUR TEMIMIOK, it crumbles to dust.
You feel blessed for a moment.
It was a scroll of remove curse.
* * * LOW HITPOINT WARNING * * *
You feel sick. The worm bites you.
You die...

#....._..8 ..
#........ . #....#
. ##....# ###.....#
#.......#
#######.##g...#
##.......##w####
######..########@#
.......## #†#
.<......#######..##
#######.##.........
.# #............
)## ####......###
..# #......# #.###
#).....## #...#
#.<.....###


You could see a worm and a hobgoblin.

Vanquished Creatures
  2 adders (D:2)
  An ooze (D:1)
  4 dart slugs
  3 giant geckos
  5 bats (D:1)
  2 giant cockroaches (D:1)
  13 hobgoblins
  6 jackals
  A quokka (D:1)
  A ball python (D:2)
  2 giant newts (D:1)
  3 goblins (D:1)
  4 kobolds (D:1)
  2 rats (D:1)
49 creatures vanquished.

Notes
Turn   | Place    | Note
-------+----------+-------------------------------------------
     0 | D:1      | Folque01 the Octopode Assassin began the quest for the Orb.
     0 | D:1      | Reached XP level 1. HP: 14/14 MP: 1/1
   119 | D:1      | Reached XP level 2. HP: 19/19 MP: 2/2
   133 | D:1      | Reached skill level 6 in Stealth
   442 | D:1      | Reached XP level 3. HP: 20/24 MP: 3/3
   798 | D:1      | Reached skill level 7 in Stealth
  1227 | D:1      | Reached XP level 4. HP: 23/30 MP: 4/4
  1412 | D:2      | Found an opulent altar of Gozag.
  1447 | D:2      | HP: 1/31 [poisoned by an adder]
  1447 | D:2      | Slain by a worm

Vault maps used:
D:1:      co_arrival_random_square_maze, minmay_tromino_v4_b
D:2:      nicolae_overflow_hidden_temple, grunt_temple_overflow_open

Skill      XL: |  1  2  3  4 |
---------------+-------------+-----
Stealth        | 6 7 |  7.0
Fighting       | 3 |  3.3
Short Blades   | |  2.0
Throwing       | |  2.0
Dodging        | |  1.0

Action                   |  1- 3 |  4- 6 || total
-------------------------+-------+-------++-------
Melee: Dagger            |    74 |    35 ||   109
       Constrict         |    14 |     7 ||    21
       Tentacles         |     9 |     1 ||    10
 Fire: Blowgun           |     2 |     2 ||     4
  Use: Scroll            |       |     1 ||     1
 Stab: Sleeping          |    18 |     2 ||    20
  Eat: Chunk             |     1 |     1 ||     2
Armor: Skin              |    15 |     5 ||    20
Dodge: Dodged            |    49 |    29 ||    78
